 Dungeon Crawl Stone Soup version 0.20.0-15-g7f486f2 (webtiles) character file.

382 KleinerIrrer the Conjurer (level 6, 0/45 HPs)
             Began as a Draconian Conjurer on June 27, 2017.
             Was an Initiate of Sif Muna.
             Shot with an arrow by a centaur (8 damage)
             ... on level 5 of the Dungeon.
             The game lasted 00:22:17 (4362 turns).

KleinerIrrer the Conjurer (Draconian Conjurer)      Turns: 4362, Time: 00:22:18

Health: 0/45       AC:  9    Str: 15    XL:     6   Next: 47%
Magic:  7/11       EV: 13    Int: 21    God:    Sif Muna [......]
Gold:   74         SH:  0    Dex: 11    Spells: 11/12 levels left

rFire    . . .     SeeInvis .   h - +1 dagger
rCold    . . .     Gourm    .   (no shield)
rNeg     . . .     Faith    .   (armour unavailable)
rPois    .         Spirit   .   (helmet restricted)
rElec    .         Reflect  .   (no cloak)
rCorr    .         Harm     +   o - +0 pair of gloves
MR       .....                  n - +1 pair of boots
Stlth    ++........             t - amulet of harm
Regen    0.2/turn               z - +3 ring of intelligence
MPRegen  0.2/turn               (no ring)

@: mighty
A: unfitting armour, cold-blooded, AC +6
a: Renounce Religion


You were on level 5 of the Dungeon.
You worshipped Sif Muna.
Sif Muna was noncommittal.
You were hungry.

You visited 2 branches of the dungeon, and saw 6 of its levels.

You collected 190 gold pieces.
You spent 116 gold pieces at shops.

Inventory:

Hand Weapons
 f - a +0 club
 g - a +0 mace of crushing
 h - a +1 dagger (weapon)
Armour
 n - a +1 pair of boots (worn)
 o - a +0 pair of gloves (worn)
Jewellery
 m - an uncursed ring of wizardry {unknown}
 t - an amulet of harm (around neck)
 z - a +3 ring of intelligence (left hand)
Wands
 e - a wand of flame (2/48)
 r - a wand of acid (0/15)
 y - a wand of disintegration (10/24)
Scrolls
 j - 2 scrolls of teleportation
 u - a scroll of amnesia
 w - a scroll of identify
Potions
 d - a potion of degeneration {unknown}
 i - 2 potions of mutation
 k - a potion of ambrosia {unknown}
 p - a potion of magic {unknown}
 q - a potion of might
 s - 2 potions of curing {unknown}
 A - a potion of cancellation {unknown}
Books
 a - a book of Conjurations

   Spells                             Type                      Level
   a - Magic Dart                     Conjuration                  1
   b - Searing Ray                    Conjuration                  2
   c - Dazzling Spray                 Conjuration/Hexes            3
   d - Fulminant Prism                Conjuration/Hexes            4
   e - Force Lance                    Conjuration/Translocation    4
   f - Iskenderun's Mystic Blast      Conjuration                  4
 v - a book of Cantrips

   Spells                             Type                      Level
   a - Confusing Touch                Hexes                        1
   b - Animate Skeleton               Necromancy                   1
   c - Summon Small Mammal            Summoning                    1
   d - Apportation                    Translocation                1
Comestibles
 b - 3 bread rations
 c - 2 meat rations
 l - 3 royal jellies


   Skills:
 * Level 2.8 Dodging
 - Level 1.7 Stealth
 + Level 3.8 Spellcasting
 + Level 6.0 Conjurations
 * Level 2.0 Evocations


You had 11 spell levels left.
You knew the following spells:

 Your Spells              Type           Power        Failure   Level  Hunger
a - Magic Dart            Conj           ####         1%          1    None


Dungeon Overview and Level Annotations

Branches:
Dungeon (5/15)             Temple (1/1) D:4

Altars:
Cheibriados
Elyvilon
Fedhas
Gozag
Hepliaklqana
Kikubaaqudgha
Makhleb
Nemelex Xobeh
Okawaru
Qazlal
Ru
Sif Muna
Uskayaw
Xom
Yredelemnul
Zin
The Shining One

Shops:
D:4 [(

Annotations:
D:3 Toogi's ghost, amateur DEEE


Innate Abilities, Weirdness & Mutations

Your plain brown scales are hard. (AC +6)
You cannot fit into any form of body armour.
You are cold-blooded and may be slowed by cold attacks.


Message History

Confirm with . or Enter, or press ? or * to list all spells.
Aiming: Magic Dart
Press: ? - help, Shift-Dir - straight line, f/p - centaur
Aim: a centaur, wielding a shortbow (moderately wounded)
The magic dart hits the centaur.
The centaur is heavily wounded.
The centaur shoots an arrow.
The arrow hits you!
Casting: Magic Dart
Confirm with . or Enter, or press ? or * to list all spells.
Aiming: Magic Dart
Press: ? - help, Shift-Dir - straight line, f/p - centaur
Aim: a centaur, wielding a shortbow (moderately wounded)
The magic dart hits the centaur.
The centaur is heavily wounded.
The centaur shoots an arrow.
The arrow hits you!
* * * LOW HITPOINT WARNING * * *
It was a potion of might.
You feel very mighty all of a sudden.
The centaur shoots an arrow.
The arrow hits you!
You die...

.# ##...##.....#
.# ######.###.#
#.# #.# #.# #.#
#.# #.#
#.###.#####
#.........+
##.#####.#####c
....%..@........
.#.####...####.#
....# ###..#
#..# .... #####


You could see a centaur.

Vanquished Creatures
  3 orc priests (D:3)
  2 orc wizards
  A worker ant (D:4)
  7 gnolls
  8 adders
  2 worms (D:3)
  A dart slug (D:3)
  2 leopard geckos
  7 orcs
  8 bats
  A giant cockroach (D:1)
  4 goblins
  11 hobgoblins
  2 jackals (D:3)
  A quokka (D:2)
  3 ball pythons
  2 frilled lizards
  A jackal skeleton (D:4)
  5 kobolds
  7 rats
78 creatures vanquished.

Notes
Turn   | Place    | Note
-------+----------+-------------------------------------------
     0 | D:1      | KleinerIrrer the Draconian Conjurer began the quest for the Orb.
     0 | D:1      | Reached XP level 1. HP: 14/14 MP: 3/3
   309 | D:1      | Reached XP level 2. HP: 20/20 MP: 0/5
  1055 | D:1      | Reached XP level 3. HP: 18/26 MP: 2/6
  1388 | D:2      | Reached skill level 5 in Conjurations
  1598 | D:2      | Reached XP level 4. HP: 33/33 MP: 2/7
  1937 | D:2      | Found a burning altar of Makhleb.
  1937 | D:2      | Noticed a blizzard demon
  1940 | D:2      | Noticed a hellwing
  1940 | D:2      | Noticed a neqoxec
  2270 | D:3      | Found a glowing golden altar of the Shining One.
  2377 | D:3      | Reached XP level 5. HP: 38/38 MP: 3/9
  2398 | D:3      | Reached skill level 1 in Evocations
  2541 | D:3      | Noticed Toogi's ghost (amateur DEEE)
  2982 | D:4      | Found Postracko's Armour Shop.
  2985 | D:4      | Bought a +0 pair of boots for 58 gold pieces
  2985 | D:4      | Bought a +0 pair of gloves for 58 gold pieces
  3013 | D:4      | Reached XP level 6. HP: 45/45 MP: 6/11
  3484 | D:4      | Found a stormy altar of Qazlal.
  3717 | D:4      | Reached skill level 6 in Conjurations
  3753 | D:4      | Found a staircase to the Ecumenical Temple.
  3770 | D:4      | Found Lotimes's Weapon Shop.
  3779 | Temple   | Entered the Ecumenical Temple
  3991 | Temple   | Became a worshipper of Sif Muna the Loreminder
  4276 | D:5      | Entered Level 5 of the Dungeon
  4362 | D:5      | Shot with an arrow by a centaur

Skill      XL: |  1  2  3  4  5  6 |
---------------+-------------------+-----
Dodging        | 2 |  2.8
Conjurations   | 5 6 |  6.0
Spellcasting   | 3 |  3.8
Evocations     | 1 2 |  2.0
Stealth        | |  1.7

Action                   |  1- 3 |  4- 6 || total
-------------------------+-------+-------++-------
Melee: Club              |     9 |       ||     9
       Tailslap          |     2 |     2 ||     4
       Unarmed           |     1 |       ||     1
       Dagger            |    10 |    33 ||    43
 Cast: Magic Dart        |    64 |   145 ||   209
Evoke: Wand              |       |    15 ||    15
  Use: Scroll            |       |    11 ||    11
       Potion            |       |     3 ||     3
  Eat: Chunk             |     3 |     4 ||     7
       Bread ration      |       |     1 ||     1
Armor: Skin              |    11 |    23 ||    34
Dodge: Dodged            |    32 |    32 ||    64
